 Dungeon Crawl Stone Soup version 0.29-a0-1061-gbc57f8fbdb (webtiles) character file.

Game seed: 5905612912793452475

5630 KleinerIrrer the Black Belt (level 10, 0/63 HPs)
             Began as an Octopode Monk on Aug 18, 2022.
             Was an Initiate of Gozag.
             Succumbed to a hornet's poison
             ... while paralysed by a hornet
             ... on level 9 of the Dungeon.
             The game lasted 00:19:58 (11596 turns).

KleinerIrrer the Black Belt (Octopode Monk)        Turns: 11596, Time: 00:19:58

Health: 0/63       AC:  1    Str: 11    XL:     10   Next: 74%
Magic:  19/19      EV:  2    Int: 15    God:    Gozag
Gold:   393        SH:  0    Dex: 22    Spells: 9/9 levels left

rFire   + . .      SeeInvis .     - Unarmed
rCold   + . .      Faith    .   (no shield)
rNeg    . . .      Spirit   .   (helmet restricted)
rPois   +          Reflect  .   (no amulet)
rElec   .          Harm     .   e - +6 ring of dexterity
rCorr   .          Rampage  .   g - ring of wizardry
Will    .....                   i - ring of protection from fire
Stlth   ++++......              k - ring of magical power
HPRegen 0.20/turn               u - ring of poison resistance
MPRegen 0.16/turn               p - ring of protection from cold
                                (no ring)
                                (no ring)

@: paralysed, lethally poisoned (0 -> -16), gold aura
A: almost no armour, amphibious, 8 rings, camouflage 1, gelatinous body 1,
(nimble swimmer 1), tentacles
a: Renounce Religion, Potion Petition, Call Merchant, Bribe Branch


You were on level 9 of the Dungeon.
You worshipped Gozag.
Gozag was aware of your devotion.
You visited 2 branches of the dungeon, and saw 10 of its levels.

You collected 1177 gold pieces.
You paid 784 gold pieces to Gozag.

Inventory:

Missiles
 m - 14 poisoned darts (quivered)
Jewellery
 c - a ring of fire
 e - a +6 ring of dexterity (left tentacle)
 g - a ring of wizardry (right tentacle)
 i - a ring of protection from fire (on tentacle)
 k - a ring of magical power (on tentacle)
 p - a ring of protection from cold (on tentacle)
 u - a ring of poison resistance (on tentacle)
 B - a ring of magical power
Wands
 d - a wand of digging (4)
 r - a wand of flame (16)
 t - a wand of acid (14)
 y - a wand of roots (6)
Scrolls
 b - 2 scrolls of teleportation
 l - a scroll of blinking {unknown}
 n - a scroll of poison {unknown}
 v - 2 scrolls of magic mapping {unknown}
 x - 3 scrolls of amnesia {unknown}
 z - a scroll of enchant weapon {unknown}
 A - a scroll of silence {unknown}
Potions
 a - a potion of ambrosia
 f - a potion of resistance
 h - 2 potions of mutation
 j - 2 potions of degeneration
 q - 2 potions of curing
 s - a potion of flight {unknown}
 w - 3 potions of lignification {unknown}
 C - a potion of might


   Skills:
 - Level 3.0 Fighting
 + Level 4.1 Dodging
 - Level 2.6 Stealth
 + Level 15.4 Unarmed Combat


You had 9 spell levels left.
You didn't know any spells.
Your spell library contained the following spells:

 Spells                   Type           Power      Damage    Failure   Level
 Sting                    Tmut/Pois      0%         1d3       11%         1
 Ensorcelled Hibernation  Hex/Ice        0%         N/A       16%         2
 Passwall                 Tmut/Erth      0%         N/A       16%         2
 Poisonous Vapours        Pois/Air       0%         N/A       16%         2
 Swiftness                Air            0%         N/A       32%         3
 Olgreb's Toxic Radiance  Pois           0%         N/A       69%         4


Dungeon Overview and Level Annotations

Branches:
Dungeon (9/15)             Temple (1/1) D:4             Orc (0/2) D:9
   Lair: D:8-11

Altars:
Ashenzari
Cheibriados
Elyvilon
Gozag
Hepliaklqana
Makhleb
Ru
Sif Muna
Uskayaw
Yredelemnul

Shops:
D:6 [   D:8 =

Annotations:
D:4 1 runed translucent door, Crazy Yiuf


Innate Abilities, Weirdness & Mutations

You cannot wear most types of armour.
You are amphibious.
You can wear up to eight rings at the same time.
Your skin changes colour to match your surroundings (Stealth+).
Your rubbery body absorbs attacks. (AC +1, EV +1)
((You are camouflaged when in or above water. (Stealth+)))
You have tentacles for arms and can constrict up to eight enemies at once.


Message History

Aim: an orc warrior, wielding a +0 hand axe and wearing a +0 plate armour (64% to hit)
You throw a poisoned dart. The poisoned dart hits the orc warrior.
The orc warrior is poisoned.
You barely miss the orc warrior. Your grab misses the orc warrior.
Your squeeze misses the orc warrior. The orc warrior misses you.
Unknown command.
You barely miss the orc warrior. You grab the orc warrior.
You tentacle-slap the orc warrior!
You squeeze the orc warrior, but do no damage.
The orc warrior is moderately wounded.
You constrict the orc warrior, but do no damage.
The orc warrior hits you but does no damage.
Unknown command.
You bludgeon the orc warrior!
The orc warrior is severely wounded.
You constrict the orc warrior, but do no damage.
The orc warrior closely misses you. The hornet stings you!
You are poisoned.
Unknown command.
You tentacle-slap the orc warrior.
The orc warrior is almost dead.
You constrict the orc warrior, but do no damage.
You feel sick. The hornet misses you.
Unknown command.
You tentacle-slap the orc warrior but do no damage.
The orc warrior is almost dead.
You constrict the orc warrior.
You feel sick.
The orc warrior hits you with a +0 hand axe!
The hornet closely misses you.
Unknown command.
You tentacle-slap the orc warrior.
You kill the orc warrior!
You feel sick. The hornet stings you!
* * * LOW HITPOINT WARNING * * *
You suddenly lose the ability to move!
You feel sick. The hornet stings you!
* * * LOW HITPOINT WARNING * * *
You are more poisoned.
You die...
Your body crumbles into a pile of gold.

.# ..# . #.. #
#.#.. .## ##(#.#
Y.## ##.(#..####
# #.. .o# #(...#
#. #..#..#
.#.Y$.# #. #W#
.##.y@.#
#.##.##.##..####
.. #..#..##..##
....###.###..##
#.........##
#.#####....##
#.......#..#
..#######.## #.#


You could see a yak and a hornet.

Vanquished Creatures
  Erica (D:8)
  Amaemon (D:8)
  An orange demon (D:8)
  A troll (D:8)
  A wyvern (D:6)
  A wraith (D:9)
  Eustachio (D:5)
  Edmund (D:6)
  5 sky beasts
  An orc warrior (D:9)
  3 ice beasts
  3 ogres
  3 centaurs
  Blork the orc (D:4)
  A gnoll sergeant (D:5)
  3 bullfrogs
  2 scorpions
  13 wights
  2 killer bees (D:9)
  An orc priest (D:3)
  3 gnoll boudas
  9 hounds
  5 iguanas
  3 orc wizards
  20 gnolls
  5 adders
  A white imp (D:7)
  4 ufetubi
  A worm (D:3)
  4 dart slugs
  13 orcs
  3 endoplasms
  4 giant cockroaches
  7 goblins
  10 hobgoblins
  12 kobolds
  5 quokkas
  7 ball pythons
  4 bats
  2 frilled lizards (D:1)
  6 rats
174 creatures vanquished.

Notes
Turn   | Place    | Note
-------+----------+-------------------------------------------
     0 | D:1      | KleinerIrrer the Octopode Monk began the quest for the Orb.
     0 | D:1      | Reached XP level 1. HP: 16/16 MP: 1/1
   220 | D:1      | Reached XP level 2. HP: 21/21 MP: 2/2
   225 | D:1      | Found a faded altar of an unknown god.
   777 | D:1      | Reached skill level 4 in Unarmed Combat
  1023 | D:2      | Reached XP level 3. HP: 22/26 MP: 3/3
  1216 | D:2      | HP: 1/26 [poisoned by an adder]
  1676 | D:2      | Reached XP level 4. HP: 26/31 MP: 4/4
  2261 | D:3      | Reached skill level 5 in Unarmed Combat
  2622 | D:3      | Reached XP level 5. HP: 33/36 MP: 5/5
  3031 | D:3      | Reached skill level 6 in Unarmed Combat
  3374 | D:4      | Noticed Blork the orc
  3382 | D:4      | Killed Blork the orc
  3383 | D:4      | Reached XP level 6. HP: 39/42 MP: 6/6
  3474 | D:4      | Found a burning altar of Makhleb.
  3534 | D:4      | Reached skill level 7 in Unarmed Combat
  3805 | D:4      | Found a basalt altar of Yredelemnul.
  3903 | D:4      | Found a staircase to the Ecumenical Temple.
  3909 | Temple   | Entered the Ecumenical Temple
  3919 | Temple   | Became a worshipper of Gozag Ym Sagoz the Greedy
  3977 | D:4      | Reached XP level 7. HP: 44/46 MP: 7/7
  4065 | D:4      | Found a runed translucent door.
  4066 | D:4      | Noticed Crazy Yiuf
  4597 | D:5      | Entered Level 5 of the Dungeon
  4601 | D:5      | Found a sacrificial altar of Ru.
  4605 | D:5      | Reached skill level 8 in Unarmed Combat
  4605 | D:5      | Noticed Eustachio
  4620 | D:5      | Killed Eustachio
  4859 | D:5      | Reached skill level 9 in Unarmed Combat
  5136 | D:5      | Reached XP level 8. HP: 40/52 MP: 8/8
  5703 | D:5      | Reached skill level 10 in Unarmed Combat
  6062 | D:5      | Found a snail-covered altar of Cheibriados.
  6620 | D:6      | Reached skill level 11 in Unarmed Combat
  6932 | D:6      | Found Ecleca's Armour Shoppe.
  6948 | D:6      | Noticed Edmund
  6958 | D:6      | Killed Edmund
  6959 | D:6      | Reached XP level 9. HP: 32/56 MP: 9/9
  7261 | D:6      | Reached skill level 12 in Unarmed Combat
  7408 | D:6      | Found a broken altar of Ashenzari.
  7887 | D:6      | Found a hazy altar of Hepliaklqana.
  8375 | D:7      | Noticed a +0 spear
  8375 | D:7      | Noticed a +0 spear
  8375 | D:7      | Noticed a +0 short sword
  8375 | D:7      | Noticed a +0 falchion
  8378 | D:7      | Noticed a +0 short sword
  8378 | D:7      | Noticed a +0 dagger
  8378 | D:7      | Noticed a +0 falchion
  8381 | D:7      | Noticed a +0 dagger
  8507 | D:7      | Found a hide-covered altar of Uskayaw.
  8635 | D:7      | Reached skill level 13 in Unarmed Combat
  9226 | D:8      | Noticed Erica
  9372 | D:8      | Killed Erica
  9373 | D:8      | Reached skill level 14 in Unarmed Combat
  9373 | D:8      | Reached XP level 10. HP: 44/63 MP: 10/10
  9617 | D:8      | Identified the +1 long sword of Law {holy, Str+2}
  9851 | D:8      | Found a white marble altar of Elyvilon.
  9851 | D:8      | Noticed an orange demon
  9854 | D:8      | Noticed Amaemon
  9856 | D:8      | Killed an orange demon
 10140 | D:8      | Killed Amaemon
 10141 | D:8      | Reached skill level 15 in Unarmed Combat
 10381 | D:8      | Found a shimmering blue altar of Sif Muna.
 11206 | D:9      | Noticed a two-headed ogre
 11206 | D:9      | Found a staircase to the Orcish Mines.
 11594 | D:9      | Paralysed by a hornet for 3 turns
 11595 | D:9      | HP: 3/63 [hornet (10)]
 11596 | D:9      | Succumbed to a hornet's poison

Illustrated notes

Levels and vault maps discovered:
D:1:      nagdon_arrival_zigzag_paths, layout_basic,
          shapermc_ecumenical_altar_mp_highgroup
D:2:      layout_loops_cross, serial_park_tiny_1
D:3:      layout_loops_ring, gup_sewer_entry_spiral, serial_glass,
          glass_columns_a, glass_columns_a
D:4:      layout_loops_ring, mainiacjoe_overflow_small_starburst,
          mainiacjoe_overflow_alcove_1, minmay_temple_entry_drinking_statues,
          uniq_crazy_yiuf_cottage, uniq_blork_the_orc
D:5:      layout_basic, kennysheep_mini_moat,
          mainiacjoe_overflow_concentric_impassable,
          hangedman_abyss_or_decor_lesser_grid, lightli_minifort, uniq_eustachio
D:6:      layout_basic, nzn_hepliaklqana_mist_gate, ashenzari_altar_1,
          serial_shops, shop, uniq_edmund
D:7:      layout_rooms, nicolae_uskayaw_en_pointe
D:8:      layout_loops_ring, mainiacjoe_overflow_catwalk,
          nicolae_overflow_hidden_temple, uniq_amaemon, uniq_erica
D:9:      minmay_the_grid_octo_tiled_octocenter
          [minmay_the_grid_octo_checkerflower,
          minmay_the_grid_octo_tetromino_candy, minmay_the_grid_octo_horde,
          minmay_the_grid_octo_focus,
          minmay_the_grid_octo_prize_square_snowflake,
          minmay_the_grid_square_5x5_n,
          minmay_the_grid_square_5x5_almost_minimal,
          minmay_the_grid_square_5x5_two_walls_a,
          minmay_the_grid_square_5x5_moneybag], layout_rooms, orc_0_dummy,
          uniq_grum
Temple:   nicolae_temple_god_jail

Skill      XL: |  1  2  3  4  5  6  7  8  9 10 |
---------------+-------------------------------+-----
Unarmed Combat | 4 5 6 7 9 11 14 15 | 15.4
Dodging        | 4 |  4.1
Fighting       | |  3.0
Stealth        | |  2.6

Action                   |  1- 3 |  4- 6 |  7- 9 | 10-12 || total
-------------------------+-------+-------+-------+-------++-------
Melee: Unarmed           |    59 |    93 |   219 |    77 ||   448
       Constrict         |    18 |    28 |    45 |    13 ||   104
       Tentacles         |    16 |    28 |    58 |    16 ||   118
       Punch             |     1 |     5 |    18 |     8 ||    32
Throw: Stone             |     1 |       |       |       ||     1
       Dart              |       |     8 |    58 |    12 ||    78
Invok: Call Merchant     |       |       |       |     1 ||     1
  Use: Scroll            |       |     1 |     7 |     1 ||     9
       Potion            |       |       |     2 |     1 ||     3
 Stab: Sleeping          |    18 |    15 |     6 |     2 ||    41
       Distracted        |       |       |     2 |       ||     2
Armor: Skin              |     5 |     8 |     1 |     4 ||    18
Dodge: Dodged            |    28 |    37 |   108 |    46 ||   219

Table legend: (Time is in decaauts)
 A = Elapsed time spent in this place.
 B = Non-inter-level travel time spent in this place.
 C = Inter-level travel time spent in this place.
 D = Time resting spent in this place.
 E = Time spent auto-exploring this place.
 F = Levels seen in this place.
 G = Mean time per level.
                   A        B        C        D        E       F      G
               +--------+--------+--------+--------+--------+-----+--------+
         Total |  11512 |  10521 |    991 |   2713 |   6239 |  10 | 1151.2 |
       Dungeon |  11490 |  10515 |    975 |   2713 |   6237 |   9 | 1276.7 |
        Temple |     21 |      5 |     16 |      0 |      2 |   1 |   21.0 |
               +--------+--------+--------+--------+--------+-----+--------+

Top non-repeatable levels by time:
     D:8: 1914 daAuts
     D:6: 1723 daAuts
     D:5: 1548 daAuts
     D:7: 1457 daAuts
     D:4: 1360 daAuts
     D:3: 1212 daAuts
     D:2: 1132 daAuts
     D:1: 1017 daAuts
     D:9: 124 daAuts
  Temple: 21 daAuts
